 Dungeon Crawl Stone Soup version 0.27.1-35-g4d5d836560 (webtiles) character file.

Game seed: 15748812828829677375

1071 Delamore the Covert (level 8, -6/50 HPs)
             Began as an Octopode Brigand on Apr 7, 2022.
             Mangled by an ogre (15 damage)
             ... on level 3 of the Dungeon.
             The game lasted 00:04:08 (4465 turns).

Delamore the Covert (Octopode Brigand)              Turns: 4465, Time: 00:04:09

Health: -6/50      AC:  1    Str: 11    XL:     8   Next: 28%
Magic:  8/8        EV: 12    Int: 13    God:
Gold:   102        SH:  5    Dex: 15    Spells: 7/7 levels left

rFire    . . .     SeeInvis .   a - +2 dagger
rCold    . . .     Faith    .   k - +0 buckler
rNeg     . . .     Spirit   .   (helmet restricted)
rPois    .         Reflect  .   (no amulet)
rElec    .         Harm     .   (no ring)
rCorr    .         Rampage  .   (no ring)
Will     .....                  (no ring)
Stlth    +++++.....             (no ring)
HPRegen  0.16/turn              (no ring)
MPRegen  0.11/turn              (no ring)
                                (no ring)
                                (no ring)

@: no status effects
A: almost no armour, amphibious, 8 rings, camouflage 1, gelatinous body 1,
(nimble swimmer 1), tentacles
a: no special abilities


You were on level 3 of the Dungeon.
You visited 1 branch of the dungeon, and saw 3 of its levels.
You also visited: Sewer.

You collected 102 gold pieces.

Inventory:

Hand Weapons
 a - a +2 dagger (weapon)
Missiles
 b - 52 poisoned darts (quivered)
 c - 4 curare-tipped darts
 j - 6 silver javelins
Armour
 k - a +0 buckler (worn)
Scrolls
 d - a scroll of fear {unknown}
 g - a scroll of enchant weapon
 h - a scroll of noise
 i - a scroll of holy word
 l - a scroll of silence
 n - a scroll of magic mapping {unknown}
 o - a scroll of summoning {unknown}
 q - a scroll of brand weapon {unknown}
 r - a scroll of vulnerability {unknown}
Potions
 e - a potion of heal wounds
 f - 4 potions of curing {unknown}
 m - a potion of invisibility {unknown}
 p - 2 potions of magic {unknown}


   Skills:
 - Level 2.0 Fighting
 + Level 6.3 Short Blades
 - Level 2.0 Throwing
 - Level 1.0 Dodging
 - Level 10.0 Stealth
 - Level 4.0 Shields


You had 7 spell levels left.
You didn't know any spells.
Your spell library contained the following spells:

 Spells                   Type           Power      Damage    Failure   Level
 Passage of Golubria      Tloc           N/A        N/A       97%         4
 Silence                  Hex/Air        0%         N/A       100%        5
 Lehudib's Crystal Spear  Conj/Erth      0%         10d2      100%        8


Dungeon Overview and Level Annotations

Branches:
Dungeon (3/15)              Sewer (visited)

Altars:


Innate Abilities, Weirdness & Mutations

You cannot wear most types of armour.
You are amphibious.
You can wear up to eight rings at the same time.
Your skin changes colour to match your surroundings (Stealth+).
Your rubbery body absorbs attacks. (AC +1, EV +1)
((You are camouflaged near water. (Stealth+)))
You have tentacles for arms and can constrict up to eight enemies at once.


Message History

The helpless ball python fails to defend itself.
You spit the ball python like a pig!!!
You kill the ball python!
No target in view!
No target in view!
No target in view!
No target in view!
No target in view!
f - 3 metallic white potions (gained 1)
Found a scroll labelled MOEFFA MIAM.
f - 4 metallic white potions (gained 1)
r - a scroll labelled MOEFFA MIAM
Found an escape hatch in the floor.
No target in view!
Found 12 gold pieces and a scroll labelled WIODUY GUABY.
An ogre comes into view. It is wielding a +0 giant club.
Found a metallic white potion.
The ogre shouts!
An ogre is nearby!
Found 22 stones.
The ogre closely misses you.
You hit the ogre.
The ogre is lightly wounded.
The ogre hits you with a +0 giant club!
You barely miss the ogre.
The ogre is lightly wounded.
You hit the ogre.
The ogre is lightly wounded.
The ogre barely misses you.
You closely miss the ogre.
The ogre is lightly wounded.
You hit the ogre but do no damage. Your squeeze misses the ogre.
The ogre is lightly wounded.
The ogre hits you with a +0 giant club!!
Ouch! That really hurt!
* * * LOW HITPOINT WARNING * * *
You hit the ogre.
The ogre is lightly wounded.
The ogre hits you with a +0 giant club!
You die...

##.............#
#...............#
#...............#
#..?....$.......#
#........>......#
#...............#
#(............!.#
#........O.....#
..#......@....##
#######.##### #.#
## #.# ..# #.#
#..## #.# #†.#
###.##
#.##########....#
###..#............#


You could see an ogre.

Vanquished Creatures
  A sky beast (D:3)
  10 kobold brigands (Sewer)
  3 jellies (D:2)
  An orc wizard (D:3)
  7 adders
  4 river rats (Sewer)
  2 worms (Sewer)
  2 orcs (D:3)
  8 endoplasms
  5 giant cockroaches
  4 goblins
  2 hobgoblins
  3 jackals (D:1)
  2 quokkas (D:2)
  3 ball pythons
  5 bats
  3 frilled lizards
  15 kobolds
  9 rats
89 creatures vanquished.

Vanquished Creatures (others)
  A frilled lizard (D:3)
  A kobold (D:3)
  2 fungi (D:2)
  13 toadstools (D:2)
17 creatures vanquished.

Grand Total: 106 creatures vanquished

Notes
Turn   | Place    | Note
-------+----------+-------------------------------------------
     0 | D:1      | Delamore the Octopode Brigand began the quest for the Orb.
     0 | D:1      | Reached XP level 1. HP: 14/14 MP: 1/1
   316 | D:1      | Reached XP level 2. HP: 19/19 MP: 2/2
   593 | D:1      | Reached skill level 6 in Stealth
   848 | D:1      | Found a faded altar of an unknown god.
   886 | D:1      | Reached XP level 3. HP: 23/24 MP: 3/3
  1733 | D:2      | Reached XP level 4. HP: 12/29 MP: 4/4
  2039 | D:2      | Reached skill level 7 in Stealth
  2042 | D:2      | Reached skill level 1 in Shields
  2429 | D:2      | Reached XP level 5. HP: 20/34 MP: 5/5
  3050 | D:3      | Found a glowing drain.
  3060 | Sewer    | Entered a sewer
  3084 | Sewer    | Noticed a kobold brigand
  3091 | Sewer    | Killed a kobold brigand
  3092 | Sewer    | Reached skill level 8 in Stealth
  3092 | Sewer    | Reached XP level 6. HP: 39/39 MP: 6/6
  3276 | Sewer    | Reached skill level 9 in Stealth
  3473 | Sewer    | Reached XP level 7. HP: 45/45 MP: 7/7
  3688 | Sewer    | Reached skill level 10 in Stealth
  3872 | Sewer    | Reached skill level 5 in Short Blades
  3872 | Sewer    | Reached XP level 8. HP: 50/50 MP: 8/8
  4465 | D:3      | Mangled by an ogre

Illustrated notes

Levels and vault maps discovered:
D:1:      dpeg_arrival_three_same_balls, layout_loops_ring,
          hellmonk_ecumenical_altar_zigzags
D:2:      cheibrodos_fertilizer, layout_loops_ring, grunt_decor_resistance,
          kennysheep_doodads, amethyst_killhole, item_on_display_a
D:3:      layout_rooms, portal_sewer_entry_d, lemuel_flame_loot_1

Skill      XL: |  1  2  3  4  5  6  7  8 |
---------------+-------------------------+-----
Stealth        | 6 7 8 9 10 | 10.0
Short Blades   | 3 4 5 6 |  6.3
Shields        | 1 2 4 |  4.0
Fighting       | |  2.0
Throwing       | |  2.0
Dodging        | |  1.0

Action                   |  1- 3 |  4- 6 |  7- 9 || total
-------------------------+-------+-------+-------++-------
Melee: Dagger            |    76 |    57 |    77 ||   210
       Constrict         |    13 |     3 |    10 ||    26
       Tentacles         |    12 |     9 |    12 ||    33
  Use: Scroll            |       |     4 |       ||     4
       Potion            |       |     1 |       ||     1
 Stab: Sleeping          |    23 |    10 |    11 ||    44
       Distracted        |       |       |     1 ||     1
Armor: Skin              |     2 |       |     1 ||     3
Dodge: Dodged            |    37 |    24 |    14 ||    75
Block: Buckler           |       |     5 |     4 ||     9
